 Dungeon Crawl Stone Soup version 0.18.1-48-g4cf74bf (webtiles) character file.

547 dvd the Twirler (level 7, -2/41 HPs)
             Began as a Gargoyle Gladiator on Aug 13, 2016.
             Was a Believer of Qazlal.
             Slain by dvd's ghost (6 damage)
             ... on level 4 of the Dungeon.
             The game lasted 00:12:13 (4074 turns).

dvd the Twirler (Gargoyle Gladiator)                Turns: 4074, Time: 00:12:14

Health: -2/41      AC: 14    Str: 19    XL:     7   Next: 28%
Magic:  7/7        EV:  6    Int:  9    God:    Qazlal [**....]
Gold:   138        SH:  2    Dex: 11    Spells: 0 memorised, 6 levels left

rFire  . . .     SeeInvis .     a - +1 quarterstaff
rCold  . . .     Gourm    .     g - +0 scale mail
rNeg   + . .     Faith    .     (shield currently unavailable)
rPois  ∞         Spirit   .     c - +0 helmet
rElec  +         Dismiss  .     (no cloak)
rCorr  .         Reflect  .     r - +0 pair of gloves
SustAt .         Harm     .     (no boots)
MR     .....                    (no amulet)
Stlth  ..........               (no ring)
                                (no ring)

@: not resistant to hostile enchantments, extremely unstealthy
A: negative energy resistance 1, electricity resistance, unbreathing,
petrification resistance, rot immunity, AC +4
a: Upheaval, Renounce Religion


You were on level 4 of the Dungeon.
You worshipped Qazlal.
Qazlal was pleased with you.
You were hungry.

You visited 2 branches of the dungeon, and saw 5 of its levels.

You collected 138 gold pieces.

Inventory:

Hand Weapons
 a - a +1 quarterstaff (weapon)
 x - a +0 hunting sling
Missiles
 d - 3 throwing nets
 o - 5 poisoned javelins (quivered)
Armour
 b - a +0 leather armour
 c - a +0 helmet (worn)
 g - a +0 scale mail (worn)
 k - a +0 ring mail
 r - a +0 pair of gloves (worn)
Wands
 l - a wand of lightning (7/15)
 s - a wand of digging (9/24)
Scrolls
 e - a scroll of fear {unknown}
 j - a scroll of random uselessness {unknown}
 p - 2 scrolls of identify
 y - a scroll of immolation {unknown}
Potions
 t - a potion of mutation {unknown}
 u - a potion of cancellation {unknown}
 v - a potion of curing
Books
 m - a book of Debilitation

   Spells                             Type                      Level
   a - Corona                         Hexes                        1
   b - Slow                           Hexes                        2
   c - Gell's Gravitas                Hexes/Translocation          3
   d - Inner Flame                    Hexes/Fire                   3
   e - Cause Fear                     Hexes                        4
   f - Leda's Liquefaction            Hexes/Earth                  4
Comestibles
 f - 6 bread rations
 h - 2 meat rations
 i - 3 fruits
 q - a chunk of flesh
 w - a beef jerky


   Skills:
 + Level 3.5 Fighting
 + Level 4.7 Staves
 + Level 2.6 Throwing
 + Level 3.4 Armour
 + Level 4.3 Dodging


You had 6 spell levels left.
You didn't know any spells.

Dungeon Overview and Level Annotations

Branches:
Dungeon (4/15)             Temple (1/1) D:4

Altars:
Ashenzari
Cheibriados
Fedhas
Gozag
Makhleb
Nemelex Xobeh
Okawaru
Pakellas
Qazlal
Ru
Trog
Vehumet
Xom
Yredelemnul
The Shining One

Annotations:
D:4 dvd's ghost, novice GrGl


Innate Abilities, Weirdness & Mutations

You are resistant to torment.
Your stone body is resilient (AC +4).
You are immune to poison.
You resist negative energy.
You are resistant to electric shocks.
You can survive without breathing.
You are immune to petrification.
You are immune to rotting.


Message History

Dvd's ghost is almost destroyed.
Dvd's ghost hits you.
You closely miss dvd's ghost.
Dvd's ghost is almost destroyed.
Dvd's ghost hits you but does no damage.
You hit dvd's ghost but do no damage.
Dvd's ghost is almost destroyed.
Dvd's ghost hits you!
* * * LOW HITPOINT WARNING * * *
You hit dvd's ghost.
Dvd's ghost is almost destroyed.
Dvd's ghost barely misses you.
You completely miss dvd's ghost.
Dvd's ghost is almost destroyed.
Dvd's ghost closely misses you.
You closely miss dvd's ghost.
Dvd's ghost is almost destroyed.
Dvd's ghost hits you but does no damage.
Dvd's ghost hits you.
You die...

..............#####..............
.......#.........................
.......#.........................
########.........................
#.........................
#.........................
#.........................
#.........§....)..........
#........@W...............
#........§.)..............
########.............[...........
.......#.........................
.................................
....................)............
...........................(.....
#......#.........................
#......#.......[.................


You could see dvd's ghost.

Vanquished Creatures
  An ogre (D:4)
  A phantom (D:4)
  A centaur skeleton (D:4)
  An orc priest (D:3)
  4 orc wizards (D:4)
  A worker ant (D:4)
  8 adders
  2 oozes
  An adder skeleton (D:4)
  3 worms
  2 dart slugs
  6 giant geckos
  9 orcs
  8 bats
  5 giant cockroaches
  6 goblins
  9 hobgoblins
  6 jackals
  3 quokkas
  A giant gecko skeleton (D:4)
  5 giant newts
  9 kobolds
  5 rats
97 creatures vanquished.

Notes
Turn   | Place    | Note
--------------------------------------------------------------
     0 | D:1      | dvd the Gargoyle Gladiator began the quest for the Orb.
     0 | D:1      | Reached XP level 1. HP: 12/12 MP: 1/1
    38 | D:1      | Reached XP level 2. HP: 16/17 MP: 2/2
   366 | D:1      | Reached XP level 3. HP: 22/22 MP: 3/3
   673 | D:2      | Found a basalt altar of Yredelemnul.
   955 | D:2      | Found a stormy altar of Qazlal.
   980 | D:2      | Became a worshipper of Qazlal Stormbringer
   984 | D:2      | Found a faded altar to an unknown god.
  1130 | D:2      | Reached skill level 1 in Armour
  1130 | D:2      | Reached XP level 4. HP: 27/27 MP: 4/4
  1861 | D:3      | Reached XP level 5. HP: 12/31 MP: 5/5
  2318 | D:3      | Reached * piety under Qazlal
  2374 | D:3      | Found an oddly glowing altar of Pakellas.
  2722 | D:4      | Reached XP level 6. HP: 37/37 MP: 6/6
  2874 | D:4      | Noticed dvd's ghost (novice GrGl)
  3208 | D:4      | Found a shimmering altar of Xom.
  3263 | D:4      | Found a staircase to the Ecumenical Temple.
  3269 | Temple   | Entered the Ecumenical Temple
  3731 | D:4      | Noticed a phantom
  3773 | D:4      | Killed a phantom
  3773 | D:4      | Reached XP level 7. HP: 39/41 MP: 7/7
  3965 | D:4      | Reached ** piety under Qazlal
  4074 | D:4      | Slain by dvd's ghost

Skill      XL: |  1  2  3  4  5  6 |
---------------+-------------------+-----
Dodging        | 3 4 |  4.3
Armour         | 1 2 3 |  3.4
Throwing       | 2 |  2.6
Staves         | 4 |  4.7
Fighting       | 3 |  3.5

Action                   |  1- 3 |  4- 6 |  7- 9 || total
-------------------------+-------+-------+-------++-------
Melee: Quarterstaff      |   132 |   225 |    51 ||   408
Throw: Javelin           |       |    29 |       ||    29
       Throwing net      |       |     1 |       ||     1
  Use: Potion            |       |     2 |     1 ||     3
       Scroll            |       |     6 |       ||     6
  Eat: Chunk             |     1 |     8 |     1 ||    10
Armor: Leather armour    |    28 |       |       ||    28
       Ring mail         |    31 |    34 |       ||    65
       Scale mail        |       |    99 |    45 ||   144
Dodge: Dodged            |    76 |   125 |    19 ||   220
Block: Other             |       |    13 |     5 ||    18
